[Event "*** SCC Grand Prix: Titled Tuesday Blitz"]
[Site "Chess.com"]
[Date "2020.09.29"]
[Round "7"]
[White "daro94"]
[Black "ViditYT"]
[Result "1/2-1/2"]
[WhiteElo "2930"]
[BlackElo "2727"]
[TimeControl "180+1"]
[EndTime "11:17:21 PDT"]
[Termination "Game drawn by stalemate"]

1. d4 Nf6 2. Nf3 d5 3. c4 e6 4. e3 Bd6 5. b3 O-O 6. Bb2 b6 7. Nbd2 Bb7 8. Bd3 Nbd7 9. O-O Qe7 10. Qe2 e5 11. dxe5 Nxe5 12. Nxe5 Bxe5 13. Bxe5 Qxe5 14. Nf3 Qe7 15. Rfd1 Rad8 16. Rac1 c5 17. Qb2 Rd6 18. Qe5 Qxe5 19. Nxe5 Rfd8 20. Be2 d4 21. exd4 Rxd4 22.
Rxd4 Rxd4 23. Bf3 Ne4 24. Re1 f6 25. Ng4 f5 26. Ne3 g6 27. h3 Kf7 28. Bxe4 Bxe4 29. f3 Bb7 30. Re2 Kf6 31. Kf2 h5 32. Nc2 Rd1 33. Re1 Rd8 34. Re2 f4 35. Na3 a6 36.
Nb1 Rd3 37. Rd2 Rxd2+ 38. Nxd2 Ke5 39. h4 Kd4 40. Ke2 b5 41. cxb5 axb5 42. a4 bxa4 43. bxa4 c4 44. a5 c3 45. Nb3+ Kc4 46. Nc1 Ba6 47. Kd1 Kb4 48. Kc2 Kxa5 49. Kxc3 Bf1 50. Nd3 Bxg2 51. Nxf4 Bxf3 52. Nxg6 Kb6 53. Kd4 Kc7 54. Ke5 Kd8 55. Kf6 Ke8 56. Kg5 Bd1 57. Ne5 Kf8 58. Nd3 Kg7 59. Nf4 Bf3 60. Ne6+ Kf7 61. Nd4 Bd1 62. Nc6 Be2 63. Nb4 Bd1 64.
Nd3 Kg7 65. Nf4 Bg4 66. Nd5 Kf7 67. Ne3 Be2 68. Nf5 Bg4 69. Ng3 Kg7 70. Nxh5+ Bxh5 71. Kxh5 Kh7 72. Kg5 Kg7 73. h5 Kh7 74. h6 Kh8 75. Kh5 Kh7 76. Kg5 Kh8 77. Kg6 Kg8 78. h7+ Kh8 79. Kh6 1/2-1/2

[Event "*** SCC Grand Prix: Titled Tuesday Blitz"]
[Site "Chess.com"]
[Date "2020.09.29"]
[Round "7"]
[White "Sibelephant"]
[Black "Andreikka"]
[Result "1/2-1/2"]
[WhiteElo "3048"]
[BlackElo "2857"]
[TimeControl "180+1"]
[EndTime "11:17:26 PDT"]
[Termination "Game drawn by repetition"]

1. d4 Nf6 2. Bg5 e6 3. Nd2 c5 4. e3 b6 5. Ngf3 Bb7 6. c3 h6 7.
Bh4 Be7 8. Bd3 O-O 9. O-O d6 10. Qe2 Nbd7 11. e4 Nh5 12. Bxe7 Qxe7 13. Qe3 cxd4 14.
cxd4 Nhf6 15. a4 a6 16. h3 Rfc8 17. Qe2 Nh5 18. Qe3 Nhf6 19. Rfc1 Qd8 20. Nc4 Bxe4 21. Nxd6 Rxc1+ 22. Rxc1 Bxd3 23. Qxd3 Nf8 24. Rc6 Ng6 25. Ne5 Nxe5 26. dxe5 Nd5 27. Rc4 Qd7 28. Rg4 Rf8 29.
Qxa6 f6 30. Qe2 Rd8 31. Nb5 Rc8 32. exf6 Rc1+ 33. Kh2 Nxf6 34. Rc4 Rd1 35. Rc7 Qd5 36. Qc2 Rd2 37. Rc8+ Kf7 38. Qc7+ Kg6 39. Qg3+ Kh7 40. Rc7 Nh5 41. Qe3 Rd3 42. Qc1 Qe5+ 43. Kh1 Nf4 44. Rc3 Qe4 45. f3 Qe5 46. Rxd3 Nxd3 47. Qc2 Qe1+ 48. Kh2 Qe5+ 49. g3 Qe3 50. Nc3 Kh8 51. Qe2 Qd4 52. Qd2 Qc4 53. Ne4 Ne5 54. Kg2 Qb3 55.
Qc3 Qd5 56. Qd2 Qb3 57. Qc3 Qd5 58. h4 Kh7 59. Qc2 Kh8 60. Qd2 Qb3 61. Nc3 Nc4 62. Qd8+ Kh7 63. Qd3+ Kh8 64. Qe2 Nxb2 65. Qd2 Nxa4 66.
Qd8+ Kh7 67. Qd3+ Kh8 68. Qd8+ Kh7 69. Qd3+ Kh8 70. Qd8+ 1/2-1/2

[Event "*** SCC Grand Prix: Titled Tuesday Blitz"]
[Site "Chess.com"]
[Date "2020.09.29"]
[Round "7"]
[White "geordie_derraugh"]
[Black "elcandado"]
[Result "0-1"]
[WhiteElo "2400"]
[BlackElo "2569"]
[TimeControl "180+1"]
[EndTime "11:17:29 PDT"]
[Termination "elcandado won by resignation"]

1. e4 d6 2. d4 Nf6 3. Nc3 e5 4.
Nf3 Nbd7 5. h3 c6 6. a4 Be7 7. Be3 O-O 8. Bd3 exd4 9. Nxd4 Nc5 10. O-O a5 11. f4 Re8 12. Qf3 Bf8 13. Rae1 Qc7 14. g4 Nxd3 15. cxd3 Nd7 16. Nf5 Nc5 17.
Bd4 Qb6 18. Qf2 Qb4 19. Rd1 Nxa4 20. e5 Bxf5 21. gxf5 Nxb2 22. Rb1 c5 23. Rxb2 Qxd4 24. Qxd4 cxd4 25. Nb5 Red8 26. Nc7 Rab8 27. Rfb1 a4 28. Rxb7 Rxb7 29. Rxb7 Rd7 30. e6 Re7 31. Ra7 a3 32. Kf2 a2 33. Rxa2 Rxc7 34. Ra4 fxe6 35. fxe6 g6 36. Rxd4 Kg7 37. Kf3 Kf6 38. Re4 Re7 39.
f5 gxf5 40. Rh4 Kxe6 41. Kf4 Rf7 42. Rh5 Be7 43. Rh6+ Bf6 44. d4 Kd5 45. Rh5 Bxd4 46. h4 Be5+ 47. Kf3 Ke6 48. Rh6+ Kd5 49. Rh5 Kd4 50.
Rh6 d5 51. h5 Kc5 52. Ra6 Bd6 53. Ra5+ Kd4 54. Ra6 Ke5 55. Ra5 Rg7 56. Ra8 Rg5 57.
h6 Rh5 58. Re8+ Kd4 59. Rd8 Be5 60. Rf8 Rh3+ 61. Kg2 Rxh6 62. Rxf5 Rg6+ 63. Kf3 Rf6 64. Kg4 Rxf5 65. Kxf5 Bh8 66. Kg5 Kc4 67. Kf4 d4 68. Kf3 d3 69. Kf2 Kc3 70. Ke1 Kc2 0-1

[Event "*** SCC Grand Prix: Titled Tuesday Blitz"]
[Site "Chess.com"]
[Date "2020.09.29"]
[Round "7"]
[White "Unknown_IM"]
[Black "Makswolf200817"]
[Result "1-0"]
[WhiteElo "2324"]
[BlackElo "2419"]
[TimeControl "180+1"]
[EndTime "11:17:30 PDT"]
[Termination "Unknown_IM won by checkmate"]

1. e4 e6 2. d4 d5 3. Bd3 c5 4.
exd5 exd5 5. Nf3 c4 6. Be2 Nc6 7. b3 cxb3 8. axb3 Nf6 9. O-O Bd6 10. c4 O-O 11. Nc3 h6 12. h3 Nb4 13. c5 Bc7 14. Ba3 Nc6 15. b4 a6 16. b5 axb5 17. Nxb5 Bb8 18. Bb2 Rxa1 19. Qxa1 Re8 20. Bd3 Ne4 21. Ne5 Bxe5 22. dxe5 Nxc5 23. Bc2 Qg5 24. Qa3 Ne6 25. Nd6 Rf8 26. g3 Qh5 27. Kg2 Nxe5 28.
g4 Nf4+ 29. Kg3 Qg5 30. Qe3 Nh5+ 31. Kh2 Bxg4 32. Bxe5 Qh4 33. f4 Ra8 34. Qd3 g6 35. Bb2 Ra6 36. Qc3 f6 37. Nb5 Rc6 38. Qb3 Rxc2+ 39.
Qxc2 Qxh3+ 40. Kg1 Qg3+ 41. Qg2 Qe3+ 42. Qf2 Qb3 43. Nd4 Qc4 44. Re1 Kf7 45. Qe3 Qc8 46. Qe7+ Kg8 47. Ba3 Nxf4 48. Qd6 Nh3+ 49. Kh2 Bd7 50.
Rc1 Qe8 51. Re1 Qxe1 52. Qf8+ Kh7 53. Qf7+ Kh8 54. Qxf6+ Kh7 55. Qf7+ Kh8 56. Qf6+ Kh7 57. Qf7+ Kh8 58. Qxd7 Qf2+ 59. Kxh3 Qe3+ 60. Kh2 Qd2+ 61. Kg3 Qe3+ 62. Nf3 Qxa3 63. Qxb7 Qd6+ 64. Kg2 d4 65.
Qb2 Kh7 66. Nxd4 Qd5+ 67. Nf3 h5 68. Qe2 Kh6 69. Qe7 Qf5 70. Qe3+ Kh7 71. Qe7+ Kh6 72. Qd8 Qg4+ 73. Kf2 Qf4 74. Qh8# 1-0

[Event "*** SCC Grand Prix: Titled Tuesday Blitz"]
[Site "Chess.com"]
[Date "2020.09.29"]
[Round "7"]
[White "bratkoo"]
[Black "MateusViageiro"]
[Result "1-0"]
[WhiteElo "2529"]
[BlackElo "2344"]
[TimeControl "180+1"]
[EndTime "11:17:37 PDT"]
[Termination "bratkoo won on time"]

1. h3 d5 2. g4 c5 3. Bg2 Nc6 4. c4 e6 5. cxd5 exd5 6. Nc3 d4 7.
Ne4 Nf6 8. d3 Nxe4 9. Bxe4 h6 10. a3 Be6 11. Nf3 Bd5 12. h4 Bxe4 13. dxe4 Qd7 14. g5 O-O-O 15. Bf4 Bd6 16. Bxd6 Qxd6 17.
Rc1 Kb8 18. Qc2 b6 19. b4 d3 20. exd3 Qxd3 21. Qxd3 Rxd3 22. Ke2 Rxa3 23. bxc5 Re8 24. cxb6 Rxe4+ 25. Kf1 Kb7 26. Nd2 Rd4 27. Nc4 Ra4 28. gxh6 gxh6 29. Ne3 Rxh4 30. Rxh4 Rxh4 31. Kg2 axb6 32.
Nf5 Rg4+ 33. Kf3 Rg6 34. Kf4 b5 35. Rd1 Kc7 36. Rc1 b4 37. Ke4 Rf6 38. f4 Kb6 39. Ne3 Re6+ 40. Kd3 Kb5 41. Rh1 Rd6+ 42. Kc2 Nd4+ 43. Kb2 f5 44. Rh5 Kc5 45. Rh1 Nb5 46. Rc1+ Nc3 47. Nxf5 Rf6 48. Ng3 Rxf4 49. Kb3 Rf3 50. Ne4+ Kd4 51. Nd2 Rd3 52. Rh1 Ne4+ 53. Kxb4 Nxd2 54. Rxh6 Ne4 55. Rh8 Nd6 56. Rh4+ Kd5 57.
Rh5+ Kc6 58. Rh6 Rd4+ 59. Kc3 Rg4 60. Kd3 Kd5 61. Ke3 Re4+ 62. Kf3 Ra4 63. Rh5+ Ke6 64. Rh6+ Ke5 65. Rh8 Nf5 66. Re8+ Kf6 67. Re4 Ra3+ 68. Kf4 Ng7 69. Rb4 Ne6+ 70. Ke4 Ra8 71. Ke3 Rg8 72.
Rb5 1-0

[Event "*** SCC Grand Prix: Titled Tuesday Blitz"]
[Site "Chess.com"]
[Date "2020.09.29"]
[Round "7"]
[White "Korchmar_Vasiliy"]
[Black "ZverevLev"]
[Result "1-0"]
[WhiteElo "2553"]
[BlackElo "2354"]
[TimeControl "180+1"]
[EndTime "11:17:40 PDT"]
[Termination "Korchmar_Vasiliy won by resignation"]

1. e4 e5 2. Nf3 Nc6 3. Nc3 Nf6 4. Bb5 Nd4 5. Bc4 Bc5 6. Nxe5 O-O 7. O-O d6 8. Nf3 Bg4 9. Be2 Bxf3 10. Bxf3 Qd7 11. d3 h6 12. g3 Nxf3+ 13. Qxf3 Nh7 14. Be3 Bxe3 15. fxe3 c6 16. Kg2 Rae8 17. Qf5 Qd8 18. Qf2 Ng5 19. h4 Ne6 20. Qe2 d5 21. exd5 cxd5 22.
Qg4 Qb6 23. Nxd5 Qxb2 24. Nf6+ Kh8 25. Nxe8 Qxc2+ 26. Rf2 Qc6+ 27. Qf3 Qxe8 28. Qxb7 Nc5 29. Qxa7 Nxd3 30. Rf3 Ne5 31. Raf1 Nxf3 32. Rxf3 Qc6 33.
Qe7 Kg8 34. e4 Qc2+ 35. Rf2 Qc6 36. Kh2 Qb6 37. Kg2 Qc6 38. Kg1 Qc4 39. e5 Qc1+ 40.
Kg2 Qc6+ 41. Kh2 Qc3 42. e6 Qd4 43. exf7+ Kh7 44. Re2 Qc4 45. Qe4+ Qxe4 46. Rxe4 Rxf7 47. Re2 Ra7 48. Kg2 g6 49. Kf2 Kg7 50. Ke1 Kf6 51. Kf2 Ra3 52. Kg2 Kf5 53. Rf2+ Ke5 54. Re2+ Kf5 55.
Rf2+ Ke5 56. Kh3 h5 57. Re2+ Kf5 58. Rb2 Rc3 59. Rb5+ Ke4 60. Rb6 Ra3 61. Rxg6 Rxa2 62. Rg5 Kf3 63. Rxh5 Kf2 64. Rf5+ Kg1 65. Kg4 Ra4+ 66.
Rf4 Ra3 67. h5 Kg2 68. Kf5 Rxg3 69. Rg4 Kh3 70. Rxg3+ Kxg3 71. h6 Kh4 72. h7 Kh5 1-0

[Event "*** SCC Grand Prix: Titled Tuesday Blitz"]
[Site "Chess.com"]
[Date "2020.09.29"]
[Round "7"]
[White "rasmussvane"]
[Black "Harsha_Bharathakoti"]
[Result "1/2-1/2"]
[WhiteElo "2897"]
[BlackElo "2760"]
[TimeControl "180+1"]
[EndTime "11:17:54 PDT"]
[Termination "Game drawn by agreement"]

1. Nf3 d5 2. g3 g6 3. Bg2 Bg7 4. d4 c6 5. O-O Nf6 6. c4 dxc4 7. a4 O-O 8. Na3 c5 9. Nxc4 Be6 10. b3 Bxc4 11.
bxc4 cxd4 12. Nxd4 Qc8 13. Ba3 Re8 14. Qb3 Nc6 15. Nxc6 bxc6 16. Qf3 Rb8 17. Qxc6 Qxc6 18. Bxc6 Rec8 19. Bb5 Ne4 20. Rac1 Nc5 21. Rfd1 e6 22. Bxc5 Rxc5 23. Rd7 Ra8 24. Rcd1 Bf6 25. R1d6 Rcc8 26. e3 a5 27. Kg2 Rd8 28. c5 Rxd7 29. Rxd7 Rd8 30.
Ra7 Rc8 31. c6 Bd8 32. Rd7 Kg7 33. Kf3 Kf6 34. Ke4 Bb6 35. Rb7 Bd8 36. f4 Rc7 37.
Rb8 Be7 38. Kd4 Bb4 39. e4 Ke7 40. e5 h6 41. Rh8 h5 42. Rb8 Ba3 43. Ke4 Bb4 44.
Ra8 Be1 45. Kf3 Bb4 46. h3 Bc3 47. Ke4 Bb4 48. g4 hxg4 49. hxg4 Be1 50. Rh8 Bb4 51. Rb8 Be1 52. f5 gxf5+ 53. gxf5 exf5+ 54. Kxf5 Bc3 55.
Ra8 Bb4 56. Rh8 Bc3 57. Rh7 Kf8 58. Rh8+ Kg7 59. Rh3 Bb4 60. Rd3 Kf8 61. Rd7 Rxd7 62. cxd7 Ke7 63. Ke4 Bc3 64. Kd5 Bb2 65. Bc6 Bc3 66.
Ke4 Bb2 67. Bb5 Bc3 68. Kf4 Bb2 69. Kf5 Bc3 70. Bc6 Bb2 71. Ke4 Bc3 72. Kd5 Bb2 73.
Bb5 Bc3 74. Ke4 Bb2 75. Kf4 Bc3 76. Kf5 Bb2 77. Bc6 Bc3 78. Bb5 Bb2 79. Bc4 Bc3 80.
Bxf7 Kxd7 81. Bc4 Ke7 82. Ke4 Bb4 83. Kd5 1/2-1/2

[Event "*** SCC Grand Prix: Titled Tuesday Blitz"]
[Site "Chess.com"]
[Date "2020.09.29"]
[Round "7"]
[White "Indianlad"]
[Black "PavelShkapenko"]
[Result "1-0"]
[WhiteElo "2932"]
[BlackElo "2710"]
[TimeControl "180+1"]
[EndTime "11:17:57 PDT"]
[Termination "Indianlad won by resignation"]

1. Nf3 Nf6 2. g3 d5 3. Bg2 c6 4. O-O Bg4 5. c4 e6 6. d3 Nbd7 7. Qb3 Qb6 8. Qc2 Bc5 9. Nc3 Qd8 10. a3 a5 11. cxd5 cxd5 12. Bf4 O-O 13. Rac1 Rc8 14.
Qb3 Qb6 15. Qxb6 Bxb6 16. h3 Bh5 17. g4 Bg6 18. Nh4 Bd4 19. Nxg6 hxg6 20. Bd2 Nc5 21. Nb5 Nb3 22. Nxd4 Nxd4 23. Rfe1 Nb3 24. Rxc8 Rxc8 25. Bf4 Rc2 26. e4 Rxb2 27. g5 Nh5 28. Be5 Rd2 29. Rb1 a4 30. exd5 exd5 31. Bxd5 Rxd3 32.
Bxb7 Rxh3 33. Bc6 Rh4 34. Rc1 Rg4+ 35. Kf1 Rxg5 36. Re1 Nd2+ 37. Ke2 Rxe5+ 38. Kxd2 Rc5 39. Bxa4 Ra5 40. Bb3 Rxa3 41. Re8+ Kh7 42. Bxf7 Nf6 43. Re1 Rh3 44. Rg1 Rh6 45. Ke3 Rh3+ 46. f3 Rh6 47.
Kf4 Nh5+ 48. Ke5 Nf6 49. f4 Rh5+ 50. Ke6 Rh6 51. Ke7 Nh5 52. Rg4 Nf6 53. Rg5 Nh5 54.
f5 Nf4 55. Rg4 gxf5 56. Rxf4 g6 57. Kf6 g5+ 58. Kxg5 Kg7 59. Rxf5 Rh1 60. Bh5 Rg1+ 61. Bg4 Rg2 62. Rd5 Rg1 63. Rd7+ Kf8 64. Kf5 Rf1+ 65. Ke5 Re1+ 66. Kf6 Ke8 67. Bf5 Rf1 68. Rc7 Rd1 69. Rc3 Rd2 70. Rc1 Rd4 71. Ke6 Kd8 72. Ke5 Rd2 73. Rc8+ Ke7 74. Rc7+ Kd8 75. Ra7 Rd1 76. Be6 Rd2 77. Bd5 Kc8 78. Kd6 Rb2 79. Rh7 Kb8 80.
Rh8+ Ka7 81. Ra8+ Kb6 82. Rb8+ Ka7 83. Rxb2 1-0

[Event "*** SCC Grand Prix: Titled Tuesday Blitz"]
[Site "Chess.com"]
[Date "2020.09.29"]
[Round "7"]
[White "Margarita2907"]
[Black "JuliaEfremova"]
[Result "0-1"]
[WhiteElo "2192"]
[BlackElo "2342"]
[TimeControl "180+1"]
[EndTime "11:18:00 PDT"]
[Termination "JuliaEfremova won by resignation"]

1. e4 d5 2. exd5 Qxd5 3. Nc3 Qa5 4. d4 Nf6 5. Nf3 Bg4 6. h3 Bxf3 7. Qxf3 c6 8. Bc4 e6 9. Bd2 Qc7 10. O-O Nbd7 11. Ne4 Be7 12. Bd3 Nxe4 13. Qxe4 Nf6 14. Qe2 Rd8 15. c3 O-O 16. Bg5 h6 17. Bh4 c5 18. Bg3 Qb6 19. dxc5 Bxc5 20. Rad1 Bd6 21.
Bxd6 Rxd6 22. Rd2 Rfd8 23. Rfd1 Kh8 24. Bc4 Kg8 25. Rxd6 Rxd6 26. Rxd6 Qxd6 27. Qf3 Qd7 28. Qf4 a6 29. Qe5 Kf8 30. Be2 Kg8 31. Bf3 Kh7 32.
Qb8 b5 33. Qb6 Qd2 34. Qxa6 Qxb2 35. Bc6 Qc1+ 36. Kh2 Qf4+ 37. Kg1 Qc1+ 38. Kh2 Qxc3 39. Bxb5 Qe5+ 40. Kg1 Qe1+ 41. Kh2 Qxf2 42. Bd3+ g6 43. Qb7 Nh5 44. Qf3 Qa7 45. Bc4 Qc7+ 46. Kg1 Qxc4 47. Qxf7+ Ng7 48. Qf2 Qc1+ 49. Kh2 Qc7+ 50. Kg1 Nf5 51. a4 h5 52. Qb2 Qa7+ 53. Kh2 Qxa4 54. Qf6 Qf4+ 55. Kg1 Qe3+ 56. Kh2 Qg3+ 57. Kg1 Ng7 58. Qf7 e5 59. Qe7 e4 60. Qxe4 Qg5 61. Qb7 Qc1+ 62. Kh2 Qf4+ 63. Kg1 Qf5 64. Kh2 Kh6 65.
Qb2 Ne6 66. Qe2 Nf4 67. Qd2 Qg5 68. g3 Nxh3 69. Qg2 Qg4 70. Qxh3 Qxh3+ 71. Kxh3 Kg5 72. Kg2 Kg4 73. Kh2 h4 74. gxh4 Kxh4 75. Kg2 Kg4 76. Kh2 Kf3 77. Kh3 g5 78. Kh2 g4 79.
Kg1 Kg3 80. Kh1 Kh3 81. Kg1 Kg3 82. Kh1 Kf2 83. Kh2 g3+ 84. Kh3 g2 85. Kh4 g1=Q 0-1

[Event "*** SCC Grand Prix: Titled Tuesday Blitz"]
[Site "Chess.com"]
[Date "2020.09.29"]
[Round "7"]
[White "DarZay"]
[Black "RasSanti"]
[Result "1-0"]
[WhiteElo "2120"]
[BlackElo "2309"]
[TimeControl "180+1"]
[EndTime "11:18:01 PDT"]
[Termination "DarZay won on time"]

1. e4 e5 2. Nf3 Nc6 3. d4 exd4 4.
Nxd4 Nf6 5. Nc3 Bb4 6. Nxc6 bxc6 7. e5 Qe7 8. Qe2 Bxc3+ 9. bxc3 Nd5 10. c4 Ba6 11. Qg4 Qxe5+ 12. Qe2 Qxe2+ 13. Bxe2 Nb6 14. c5 Bxe2 15. cxb6 Bc4 16. b7 Rb8 17. Rb1 O-O 18. Be3 Rfe8 19. Kd1 Ba6 20. Bxa7 Rxb7 21. Rxb7 Bxb7 22.
Bc5 d6 23. Bb4 c5 24. Bc3 Bxg2 25. Rg1 Bf3+ 26. Kd2 g6 27. Rg3 Bd5 28. a4 Ra8 29. Re3 Kf8 30. a5 Be6 31. f4 Rb8 32. Re1 Ra8 33.
Rb1 Ra7 34. Bf6 Ke8 35. Rb8+ Kd7 36. Rd8+ Kc6 37. Bc3 d5 38. Kc1 h5 39. h4 Kb5 40.
Rb8+ Kc4 41. Bd2 d4 42. Kb2 Kd5 43. Ka3 c4 44. Bb4 Ke4 45. Ka4 d3 46. cxd3+ cxd3 47. Kb5 Bd7+ 48. Kc5 Ba4 49. Rd8 Kxf4 50. Rxd3 Kg4 51.
Rd4+ Kg3 52. Be1+ Kf3 53. Bd2 Bb3 54. Rd3+ Ke2 55. Rxb3 Kxd2 56. Ra3 Ke2 57. a6 f6 58. Kb5 g5 59. hxg5 fxg5 60. Ra2+ Ke3 61. Ka5 g4 62. Ra3+ Kf4 63. Ra4+ Kg5 64. Rb4 h4 65. Rb7 Rxa6+ 66.
Kxa6 g3 67. Rxc7 h3 68. Rg7+ Kf4 69. Rf7+ Kg4 70. Rg7+ Kf3 71. Rh7 h2 72. Kb5 g2 73.
Rxh2 g1=Q 74. Rb2 Qc1 75. Rb4 Ke3 76. Ka5 Qc3 77. Kb5 Kd2 78. Ka4 Qe5 79. Rb5 1-0

[Event "*** SCC Grand Prix: Titled Tuesday Blitz"]
[Site "Chess.com"]
[Date "2020.09.29"]
[Round "7"]
[White "Resignify"]
[Black "boasovietica"]
[Result "1-0"]
[WhiteElo "2269"]
[BlackElo "2427"]
[TimeControl "180+1"]
[EndTime "11:18:02 PDT"]
[Termination "Resignify won on time"]

1. e4 e5 2. Nf3 Nc6 3. Bb5 a6 4. Ba4 Nf6 5. O-O Be7 6. Re1 b5 7. Bb3 d6 8. c3 O-O 9. h3 Bb7 10.
d3 Re8 11. Ng5 Rf8 12. f4 h6 13. Nf3 Nd7 14. Rf1 Nc5 15. Bc2 exf4 16. Bxf4 d5 17. exd5 Qxd5 18. d4 Ne6 19. Bg3 Bd6 20. Bxd6 Qxd6 21.
Nbd2 Rae8 22. Ne4 Qd5 23. Qd2 Ned8 24. Nc5 Bc8 25. Rae1 Qh5 26. Qd3 g6 27. Bb3 Rxe1 28.
Rxe1 Na5 29. Bc2 Bf5 30. Qe2 Bxc2 31. Qxc2 Qd5 32. b3 Nab7 33. Re5 Qd6 34. Ne4 Qb6 35. Qd2 Kg7 36. Qe3 Nd6 37. Nc5 Nf5 38. Qf4 Qd6 39.
g4 Ne7 40. Qe4 Nec6 41. Rd5 Qe7 42. Qxe7 Nxe7 43. Rd7 Nec6 44. Ne5 Nxe5 45. dxe5 Re8 46. e6 Nxe6 47. Nxe6+ Rxe6 48. Rxc7 Re2 49. a4 bxa4 50. bxa4 Ra2 51. Ra7 Rxa4 52. c4 Rxc4 53. Rxa6 Rc2 54. Rb6 Rd2 55. Rc6 Rd5 56. Rb6 h5 57. Kg2 h4 58.
Rb3 Rd2+ 59. Kg1 Re2 60. Rf3 Re6 61. Kg2 Rf6 62. Re3 Rf4 63. Rd3 Kh6 64. Rc3 Kg5 65.
Rc5+ f5 66. gxf5 gxf5 67. Rc8 Rd4 68. Rg8+ Kf4 69. Rg7 Rd2+ 70. Kf1 Rd3 71. Kg2 Rg3+ 72. Rxg3 hxg3 73. h4 Kg4 74. h5 f4 75. h6 f3+ 76. Kf1 f2 77. Kg2 Kf4 78. h7 Ke3 79. h8=Q Ke2 80. Qe8+ Kd1 81. Qf7 1-0

[Event "*** SCC Grand Prix: Titled Tuesday Blitz"]
[Site "Chess.com"]
[Date "2020.09.29"]
[Round "7"]
[White "FMJoseHerrera"]
[Black "Maghalashvili"]
[Result "1/2-1/2"]
[WhiteElo "2557"]
[BlackElo "2703"]
[TimeControl "180+1"]
[EndTime "11:18:04 PDT"]
[Termination "Game drawn by repetition"]

1. Nf3 c5 2. g3 g6 3. Bg2 Bg7 4. d3 Nc6 5. Nc3 d6 6. h4 Nf6 7. h5 Nxh5 8. Bg5 Qa5 9. Qd2 Nf6 10. Bh6 Bxh6 11. Qxh6 Nd4 12. O-O Nf5 13. Qd2 Qc7 14.
e4 Nd4 15. Qh6 Nxc2 16. Rac1 Nb4 17. d4 Bg4 18. e5 Bxf3 19. Bxf3 dxe5 20. dxe5 Nd7 21.
e6 fxe6 22. Qg7 O-O-O 23. Qxe7 Ne5 24. Qxe6+ Kb8 25. Bg2 Rhe8 26. Qb3 Ned3 27. Rcd1 c4 28. Qa4 Qb6 29. a3 Nc6 30. Qxc4 Nxb2 31. Rxd8+ Rxd8 32. Qf4+ Qc7 33. Qh4 Nd3 34. Nd5 Qd6 35. Rd1 Nde5 36. Ne3 Qc7 37. Re1 Nd3 38. Rd1 Nde5 39. Rc1 a6 40. Kh1 h5 41. Nd5 Qd6 42. Rd1 Ng4 43. Kg1 Ka7 44. a4 Qc5 45. Ne3 Nxe3 46. Rxd8 Nxd8 47. Qxd8 Nxg2 48. Kxg2 Qc6+ 49. Kg1 Qb6 50. Qg5 Qc6 51. a5 Ka8 52. Qd8+ Ka7 53. Qd4+ Kb8 54.
Kh2 Qc7 55. Qh8+ Ka7 56. Qd4+ b6 57. Kg1 Kb7 58. Qe4+ Qc6 59. Qe7+ Kc8 60. axb6 Qxb6 61. Qe8+ Kb7 62. Qf7+ Kc6 63. Qxg6+ Kb5 64. Qxh5+ Ka4 65. Qd1+ Kb4 66. Qb1+ Kc5 67. Qc2+ Kd6 68. g4 a5 69. g5 Qd4 70. Qg6+ Kc5 71. Qf5+ Kb4 72. Qf8+ Kb3 73.
Qf7+ Ka3 74. Qf3+ Kb4 75. g6 a4 76. Qf8+ Kb3 77. Qf7+ Kb2 78. g7 Qg4+ 79. Kf1 Qd1+ 80. Kg2 Qg4+ 81. Kh2 Qh4+ 82. Kg1 Qg4+ 83. Kf1 Qd1+ 84.
Kg2 Qg4+ 85. Kh1 Qh3+ 86. Kg1 Qg4+ 1/2-1/2

[Event "*** SCC Grand Prix: Titled Tuesday Blitz"]
[Site "Chess.com"]
[Date "2020.09.29"]
[Round "7"]
[White "Th3_Hound"]
[Black "MFBerna"]
[Result "1/2-1/2"]
[WhiteElo "2520"]
[BlackElo "2379"]
[TimeControl "180+1"]
[EndTime "11:18:07 PDT"]
[Termination "Game drawn by repetition"]

1. e4 e5 2. Nf3 Nc6 3. Bb5 Nf6 4. O-O Nxe4 5. Re1 Nd6 6. Nxe5 Nxe5 7. Rxe5+ Be7 8.
Bf1 O-O 9. d4 Bf6 10. Re1 Ne8 11. d5 d6 12. Qd3 g6 13. Nc3 Bf5 14. Ne4 Bg7 15. Qb3 Rb8 16. Ng3 Bd7 17. Be3 b6 18. Rad1 Nf6 19. Bg5 h6 20. Bd2 Re8 21. Bb5 Bxb5 22. Qxb5 Qd7 23. Qd3 a5 24. Bc3 Rxe1+ 25.
Rxe1 Re8 26. Rd1 Ng4 27. Bxg7 Kxg7 28. Qd4+ Kg8 29. h3 Ne5 30. Ne4 Qe7 31. Qc3 f5 32.
Nd2 Nf7 33. Nf3 Qd8 34. Nd4 Qd7 35. Ne6 Nd8 36. Qxc7 Qxc7 37. Nxc7 Re2 38. Rc1 Kf7 39. Kf1 Re5 40. c4 Nb7 41. Nb5 Ke7 42. Re1 Nc5 43.
Rxe5+ dxe5 44. Ke2 g5 45. f3 h5 46. b3 Kd7 47.
Nc3 Kd6 48. Nd1 e4 49. Ne3 f4 50. Nf5+ Ke5 51. fxe4 Kxe4 52. Ng7 h4 53. Ne6 Nd7 54. Nxg5+ Kd4 55. Nf3+ Kc3 56. Nxh4 Kb2 57. Nf5 Kxa2 58. h4 Kxb3 59. h5 a4 60. h6 Nf6 61. d6 a3 62. d7 a2 63. d8=Q a1=Q 64.
Qd3+ Kb4 65. Qd6+ Kxc4 66. Qc6+ Kb4 67. Qxb6+ Kc4 68. Qc6+ Kb4 69. Qd6+ Kc4 70. Qd3+ Kc5 71. Qc2+ Kd5 72. Ne7+ Ke6 73. Qc6+ Kxe7 74. h7 Qb2+ 75. Kf3 Qa3+ 76. Kxf4 Nxh7 77. Qc7+ Kf6 78. Qxh7 Qc1+ 79. Kg3 Qe1+ 80. Kh2 Qe5+ 81. Kh1 Qe1+ 82. Kh2 Qe5+ 83. g3 Qe2+ 84. Kh1 Qf1+ 85. Kh2 Qe2+ 86. Kh1 Qf1+ 87. Kh2 Qe2+ 1/2-1/2

[Event "*** SCC Grand Prix: Titled Tuesday Blitz"]
[Site "Chess.com"]
[Date "2020.09.29"]
[Round "7"]
[White "UmarovSabir"]
[Black "aNaartjieZA"]
[Result "1/2-1/2"]
[WhiteElo "2373"]
[BlackElo "2506"]
[TimeControl "180+1"]
[EndTime "11:18:20 PDT"]
[Termination "Game drawn - insufficient material"]

1. e4 e6 2. d4 d5 3. Nd2 Nf6 4. e5 Nfd7 5. Bd3 c5 6. c3 Nc6 7. Ne2 cxd4 8. cxd4 f6 9. exf6 Nxf6 10. O-O Bd6 11.
Nf3 O-O 12. Bg5 Qc7 13. Bh4 Bd7 14. Bg3 Rae8 15. Rc1 Bxg3 16. hxg3 Qb6 17. b3 e5 18. dxe5 Nxe5 19. Nxe5 Rxe5 20. Bb1 Ne4 21. Bxe4 Rxe4 22. Qxd5+ Qe6 23. Qxe6+ Rxe6 24. Nf4 Ra6 25. Rfd1 Bc6 26.
Rd2 Re8 27. f3 Ra5 28. Kf2 Rg5 29. Re2 Rxe2+ 30. Nxe2 Rd5 31. Rc2 Rd1 32. Nc3 Rd8 33. g4 Kf7 34. Re2 Rd3 35. Ne4 h6 36. Ng3 Rd7 37.
Nf5 Bb5 38. Rc2 Bd3 39. Rb2 Kf6 40. Ne3 Bb5 41. a4 Bc6 42. Nc4 g6 43. a5 Bb5 44.
Rd2 Rc7 45. Rd6+ Kg7 46. Ne5 Be8 47. Re6 Bf7 48. Nxf7 Kxf7 49. Rd6 Rc2+ 50. Kg3 Rc7 51. b4 Kg7 52. b5 Kf7 53. b6 axb6 54. axb6 Re7 55. Kf4 Kg7 56. g5 Rf7+ 57. Kg4 h5+ 58. Kg3 Re7 59. f4 Kf7 60. Rf6+ Kg7 61. Kf3 Rd7 62.
Ke4 Rd2 63. Re6 Rxg2 64. Re7+ Kf8 65. Rxb7 h4 66. Kf3 Rb2 67. Rh7 Rxb6 68. Rxh4 Rb4 69. Rh7 Rc4 70. Rd7 Kg8 71. Ra7 Kf8 72. Rb7 Kg8 73.
Re7 Kf8 74. Re4 Rc3+ 75. Kg4 Kg7 76. Re7+ Kf8 77. Rb7 Rc5 78. Rb6 Kg7 79. Kf3 Rc4 80. Rf6 Rb4 81. Rd6 Rc4 82. Ke3 Ra4 83. Rd4 Ra5 84.
Ke4 Kf7 85. Rd5 Ra4+ 86. Ke5 Ra7 87. Rc5 Re7+ 88. Kd4 Re1 89. Rd5 Kg7 90. Kc5 Re4 91.
Rd4 Re1 92. Kd6 Kf7 93. Rd5 Re6+ 94. Kd7 Re4 95. f5 gxf5 96. Rxf5+ Kg6 97. Rd5 Rg4 98. Ke6 Rxg5 99. Rxg5+ Kxg5 1/2-1/2

[Event "*** SCC Grand Prix: Titled Tuesday Blitz"]
[Site "Chess.com"]
[Date "2020.09.29"]
[Round "7"]
[White "MomchilPetkov"]
[Black "Rodalquilar"]
[Result "1-0"]
[WhiteElo "2609"]
[BlackElo "2772"]
[TimeControl "180+1"]
[EndTime "11:19:33 PDT"]
[Termination "MomchilPetkov won on time"]

1. e4 d5 2. exd5 Qxd5 3. Nc3 Qa5 4. d4 Nf6 5. Nf3 Bf5 6. Bc4 e6 7. Bd2 Bb4 8. a3 Bxc3 9. Bxc3 Qb6 10. O-O Nc6 11.
a4 a5 12. Bb5 O-O 13. Qe2 Nb4 14. Rfc1 c6 15. Bc4 Rad8 16. Be1 Nbd5 17. Bb3 Bg4 18.
Rd1 Nf4 19. Qd2 Bxf3 20. gxf3 Qc7 21. Qxa5 b6 22. Qe5 Nh3+ 23. Kg2 Nf4+ 24. Kg1 Nh3+ 25. Kg2 Nf4+ 26. Kf1 Qxe5 27. dxe5 Nd7 28. a5 b5 29. a6 Nxe5 30. Rxd8 Rxd8 31. Ba5 Ra8 32. Bc7 f6 33. a7 Kf7 34. Bb8 Ke7 35. Ra6 Kd7 36. Rb6 Kc8 37. c3 Nd5 38. Bxd5 exd5 39. f4 Nd7 40.
Rxc6+ Kd8 41. Rd6 Ke7 42. Rxd5 Nxb8 43. axb8=Q Rxb8 44. Ke2 Ke6 45. Rc5 Kd6 46. b4 Re8+ 47.
Kd3 Rb8 48. f5 Rb7 49. Kd4 Rb8 50. h4 Rb7 51. h5 Rb8 52. f3 Rb7 53. f4 Rb8 54.
Rd5+ Kc6 55. Rc5+ Kd6 56. Kd3 Rb7 57. Ke4 Re7+ 58. Kf3 Rb7 59. Kg4 h6 60. Kf3 Rb8 61. Ke4 Rb7 62. Kd4 Rb8 63. Ke3 Re8+ 64. Kd3 Rb8 65. Kd4 Rb7 66. Rd5+ Kc6 67. Rd8 Ra7 68.
Rc8+ Kd6 69. Rd8+ Kc6 70. Rg8 Rd7+ 71. Ke4 Re7+ 72. Kd3 Rd7+ 73. Kc2 Kd5 74. Rc8 Ke4 75. Rc5 Rb7 76. c4 bxc4 77. Kc3 Kxf4 78. Kxc4 Kg5 79. b5 Kxh5 80. Kd5 Kg5 81. Kc6 Rb8 82. Kc7 Rf8 83.
Rd5 Rf7+ 84. Rd7 Rf8 85. b6 Ra8 86. b7 Ra7 87. Rxg7+ Kxf5 88. Kd6 Ra6+ 89. Kc5 Ra5+ 90. Kc4 Ra4+ 91. Kc3 Ra3+ 92. Kc2 Ra7 93. b8=Q Rxg7 94. Qc8+ Kg6 95. Qf8 Rf7 96. Qe8 f5 97. Kd3 f4 98.
Ke2 f3+ 99. Kf2 Kg7 100. Qe4 Rf6 101. Qe5 Kf7 102. Qd5+ Kg7 103. Qd4 Kg6 104. Qe4+ Kg7 105. Qg4+ Kf7 106. Qh5+ Kg7 107. Qe5 Kf7 108. Qc7+ Kg6 109. Qd8 Kg7 110. Qe8 Rf7 111. Qe6 Rf6 112. Qh3 Kf7 113. Qh2 Kg6 114. Qg1+ Kf7 115. Ke3 f2 116. Qf1 h5 117. Ke4 h4 118. Ke5 h3 119. Qc4+ Kg7 120. Qg4+ Kf7 121. Qd7+ Kf8 122. Qd8+ Kg7 123. Qxf6+ 1-0